 Dungeon Crawl Stone Soup version 0.21-b1-23-g1fb0a74 (webtiles) character file.

44 shaad the Grave Robber (level 3, -4/26 HPs)
             Began as a Ghoul Necromancer on Jan 5, 2018.
             Was a Follower of Cheibriados.
             Slain by a worker ant (5 damage)
             ... on level 3 of the Dungeon.
             The game lasted 00:44:30 (1927 turns).

shaad the Grave Robber (Ghoul Necromancer)          Turns: 1927, Time: 00:44:30

Health: -4/26      AC:  7    Str: 14      XL:     3   Next: 60%
Magic:  0/4        EV: 12    Int: 11 (12) God:    Cheibriados [*.....]
Gold:   97         SH:  3    Dex: 11      Spells: 4/5 levels left

rFire    . . .     SeeInvis .   j - -2 spear (curse)
rCold    + . .     Gourm    .   (no shield)
rNeg     + + +     Faith    .   f - +1 leather armour
rPois    ∞         Spirit   .   (no helmet)
rElec    .         Reflect  +   (no cloak)
rCorr    .         Harm     .   t - +0 pair of gloves
MR       .....                  (no boots)
Stlth    ++........             k - +3 amulet of reflection
HPRegen  0.00/turn              m - +2 ring of protection
MPRegen  0.09/turn              (no ring)

@: rotting, very slow
A: rotting body, claws 1, carnivore, cold resistance 1, negative energy
resistance 3, inhibited regeneration, torment resistance, unbreathing
a: Bend Time, Renounce Religion


You were on level 3 of the Dungeon.
You worshipped Cheibriados.
Cheibriados was aware of your devotion.
You were not hungry.

You visited 1 branch of the dungeon, and saw 3 of its levels.

You collected 97 gold pieces.

Inventory:

Hand Weapons
 e - a +0 club
 j - a cursed -2 spear (weapon)
 n - a +1 whip of draining
 o - a cursed -3 trident
 r - a +0 club
 s - a +0 club
 w - a +0 dagger
 A - a +0 dagger
 B - a +0 hunting sling
 C - a +0 battleaxe
Missiles
 l - 6 arrows
 y - 19 bolts
Armour
 a - a +0 robe
 d - a +0 chain mail
 f - a +1 leather armour (worn)
 h - a +0 plate armour
 i - a +0 shield
 t - a +0 pair of gloves (worn)
 u - a +0 robe
Jewellery
 k - a +3 amulet of reflection (around neck)
 m - a +2 ring of protection (left hand)
Scrolls
 g - 2 scrolls of teleportation
 p - a scroll of enchant armour
 z - a scroll of immolation
Potions
 q - 2 potions of curing {unknown}
 v - a potion of flight {unknown}
 x - a potion of lignification {unknown}
Books
 b - a book of Necromancy

   Spells                             Type                      Level
   a - Pain                           Necromancy                   1
   b - Animate Skeleton               Necromancy                   1
   c - Vampiric Draining              Necromancy                   3
   d - Regeneration                   Charms/Necromancy            3
   e - Animate Dead                   Necromancy                   4
   f - Borgnjor's Vile Clutch         Necromancy/Earth             5
Comestibles
 c - 2 rations


   Skills:
 + Level 1.2 Armour
 + Level 1.9 Dodging
 + Level 2.1 Stealth
 + Level 0.3 Shields
 + Level 1.8 Spellcasting
 + Level 4.7 Necromancy


You had 4 spell levels left.
You knew the following spells:

 Your Spells              Type           Power        Failure   Level  Hunger
a - Pain                  Necr           ##..         5%          1    ##.....


Dungeon Overview and Level Annotations

Branches:
Dungeon (3/15)

Altars:
Cheibriados
Qazlal
The Shining One


Innate Abilities, Weirdness & Mutations

Your body is rotting away.
You thrive on raw meat.
You are immune to poison.
You have sharp fingernails.
You are carnivorous and can eat meat at any time.
Your flesh is cold resistant. (rC+)
You are immune to negative energy. (rN+++)
You do not regenerate when monsters are visible.
You are immune to unholy pain and torment.
You can survive without breathing.


Message History

You hit the worker ant but do no damage.
The worker ant is heavily wounded.
The worker ant barely misses you.
You closely miss the worker ant.
The worker ant is heavily wounded.
The worker ant bites you but does no damage.
The worker ant misses you.
You closely miss the worker ant.
The worker ant is heavily wounded.
The worker ant closely misses you.
You barely miss the worker ant.
The worker ant is heavily wounded.
The worker ant bites you.
* * * LOW HITPOINT WARNING * * *
You barely miss the worker ant.
The worker ant is heavily wounded.
The worker ant bites you.
* * * LOW HITPOINT WARNING * * *
The worker ant bites you.
You die...

# .#
#.#######.#
.......<..#
#......@..#
...####a#.#
# #.#.# ..#
# #.# ...
###


You could see a worker ant.

Vanquished Creatures
  2 adders (D:2)
  2 dart slugs
  3 giant cockroaches
  2 goblins (D:2)
  3 hobgoblins
  2 quokkas (D:2)
  A bat (D:2)
  A frilled lizard (D:2)
  3 kobolds
  3 rats
22 creatures vanquished.

Notes
Turn   | Place    | Note
-------+----------+-------------------------------------------
     0 | D:1      | shaad the Ghoul Necromancer began the quest for the Orb.
     0 | D:1      | Reached XP level 1. HP: 14/14 MP: 2/2
   296 | D:1      | Reached XP level 2. HP: 19/20 MP: 1/3
  1048 | D:2      | Reached skill level 1 in Armour
  1164 | D:2      | Found a stormy altar of Qazlal.
  1166 | D:2      | Noticed an earth elemental
  1166 | D:2      | Noticed a fire elemental
  1167 | D:2      | Noticed a water elemental
  1167 | D:2      | Noticed an air elemental
  1311 | D:2      | Reached XP level 3. HP: 17/26 MP: 1/4
  1401 | D:2      | Found a glowing golden altar of the Shining One.
  1546 | D:2      | Found a faded altar of an unknown god.
  1559 | D:2      | Became a worshipper of Cheibriados the Contemplative
  1559 | D:2      | Reached * piety under Cheibriados
  1927 | D:3      | HP: 1/26 [worker ant (6)]
  1927 | D:3      | Slain by a worker ant

Skill      XL: |  1  2 |
---------------+-------+-----
Armour         | 1 |  1.2
Dodging        | |  1.9
Stealth        | |  2.1
Shields        | |  0.3
Spellcasting   | |  1.8
Necromancy     | |  4.7

Action                   || total
-------------------------++-------
Melee: Unarmed           ||     7
       Club              ||    16
       Spear             ||   152
 Cast: Pain              ||    27
  Use: Scroll            ||     5
       Potion            ||     1
  Eat: Chunk             ||    13
Armor: Robe              ||     2
       Leather armour    ||    26
       Plate armour      ||    86
Dodge: Dodged            ||    51
Block: Shield            ||    74
       Reflection        ||     1
       Other             ||     1
